 Dungeon Crawl Stone Soup version 0.19.0-2-gae57169 (webtiles) character file.

49268 tsouns the Carver (level 14, 0/101 HPs)
             Began as a Halfling Berserker on Nov 5, 2016.
             Was a High Priest of Trog.
             Slain by an ettin
             ... wielding a +3 dire flail
              (21 damage)
             ... on level 1 of the Orcish Mines.
             The game lasted 01:00:57 (19316 turns).

tsouns the Carver (Halfling Berserker)             Turns: 19316, Time: 01:00:57

Health: 0/101      AC: 25    Str: 22    XL:     14   Next: 91%
Magic:  20/20      EV: 13    Int:  5    God:    Trog [*****.]
Gold:   1644       SH:  6    Dex: 15    Spells: 0 memorised, 13 levels left

rFire  . . .     SeeInvis .     Z - +4 long sword (distort)
rCold  . . .     Gourm    .     l - +2 plate armour
rNeg   . . .     Faith    +     Y - +0 buckler
rPois  +         Spirit   .     (helmet restricted)
rElec  .         Reflect  .     p - +2 cloak
rCorr  .         Harm     .     (no gloves)
MR     +....                    X - +0 pair of boots
Stlth  ..........               k - amulet of faith
                                z - ring of poison resistance
                                t - +3 ring of protection

@: no status effects
A: hooves 1, horns 1, camouflage 1, mutation resistance 1
a: Berserk, Trog's Hand, Brothers in Arms, Burn Spellbooks, Renounce Religion


You were on level 1 of the Orcish Mines.
You worshipped Trog.
Trog was extremely pleased with you.
You were not hungry.

You visited 3 branches of the dungeon, and saw 19 of its levels.

You collected 1644 gold pieces.

Inventory:

Hand Weapons
 R - a +0 falchion of draining
 S - the +1 falchion of Honour {slice, rElec SInv}
   (You found it on level 2 of the Lair of Beasts)

   It inflicts extra damage upon your enemies.
   It insulates you from electricity.
   It lets you see invisible.
 Z - a +4 long sword of distortion (weapon)
Missiles
 b - 8 exploding tomahawks (quivered)
 e - 3 steel tomahawks
 s - 16 tomahawks
 N - 4 needles of paralysis
Armour
 f - a +2 helmet
 l - a +2 plate armour (worn)
 p - a +2 cloak (worn)
 X - a +0 pair of boots (worn)
 Y - a +0 buckler (worn)
Jewellery
 k - an amulet of faith (around neck)
 t - a +3 ring of protection (left hand)
 z - a ring of poison resistance (right hand)
 B - an uncursed ring of resist corrosion
 U - an uncursed amulet of magic regeneration
Wands
 a - a wand of lightning (10/15)
 q - a wand of confusion (36/48)
 u - a wand of flame (14/48)
 y - a wand of slowing (33/48)
 I - a wand of disintegration (13/24)
 J - a wand of teleportation (1/9)
 K - a wand of slowing (16/48)
 O - a wand of flame (15/48)
 P - a wand of lightning (9/15)
 V - a wand of confusion (30/48)
Scrolls
 n - 5 scrolls of teleportation
 C - 5 scrolls of recharging
 M - a scroll of summoning
 Q - 5 scrolls of remove curse
 T - 3 scrolls of fear
Potions
 d - 5 potions of lignification
 h - 3 potions of brilliance
 i - 4 potions of heal wounds
 j - 3 potions of might
 m - 6 potions of berserk rage
 r - 3 potions of ambrosia
 v - 5 potions of curing
 D - a potion of resistance
 E - 2 potions of agility
 F - 2 potions of haste
 G - a potion of cure mutation
 W - a potion of flight
Books
 g - a book of Changes

   Spells                             Type                      Level
   a - Beastly Appendage              Transmutation                1
   b - Sticks to Snakes               Transmutation                2
   c - Spider Form                    Transmutation/Poison         3
   d - Ice Form                       Ice/Transmutation            4
   e - Blade Hands                    Transmutation                5
   Trog disapproves of the use of such an item.
Miscellaneous
 w - a sack of spiders
Comestibles
 c - 9 bread rations
 x - 11 chunks of flesh
 A - 3 slices of pizza
 H - 12 fruits
 L - 4 meat rations


   Skills:
 + Level 11.3 Fighting
 + Level 14.8 Long Blades
 + Level 6.2 Throwing
 - Level 11.0 Armour
 - Level 6.7 Dodging
 - Level 5.4 Shields
 - Level 8.0 Evocations


You had 13 spell levels left.
You didn't know any spells.

Dungeon Overview and Level Annotations

Branches:
Dungeon (11/15)            Temple (0/1) D:4            Lair (6/6) D:10
  Swamp (0/4) Lair:4       Spider (0/4) Lair:3        Slime (0/5) Lair:6
    Orc (2/2) D:11
    Elf: Orc:2

Altars:
Ashenzari
Dithmenos
Elyvilon
Fedhas
Hepliaklqana
Kikubaaqudgha
Makhleb
Nemelex Xobeh
Okawaru
Qazlal
Sif Muna
Trog
Vehumet
Xom
Zin
The Shining One

Portals:
Trove: D:10 (give +2 ice dragon scales)
Ice
Cave: Orc:1

Annotations:
D:11 exclusion: oklob plant
Lair:5 exclusion: oklob plant


Innate Abilities, Weirdness & Mutations

You are small and have problems with some larger weapons.
You are somewhat resistant to further mutation.
You have large cloven feet.
You have a pair of small horns on your head.
Your skin changes colour to match your surroundings (Stealth+).


Message History

The orc priest calls upon Beogh to heal the orc priest.
The orc priest is healed somewhat.
You block the orc's attack.
The orc wizard gestures wildly while chanting.
The orc wizard seems to speed up.
The orc priest disappears!
Found a frozen archway.
An orc and an orc wizard come into view.
The orc wizard shouts!
The ettin hits you with an enchanted dire flail!
The ettin completely misses you.
You are too injured to fight recklessly!
The orc priest calls down the wrath of Beogh upon you.
Beogh smites you!
* * * LOW HITPOINT WARNING * * *
Your ogre goes berserk!
You feel quite a bit more hungry.
The ettin hits you with an enchanted dire flail.
* * * LOW HITPOINT WARNING * * *
The ettin hits you with a dire flail!!
You die...

*,,*,,.........#*
,,,,,,..........*
,,,,,,.........##
,,,,,,..........*
,,,,,,......oo.##
,,,,,,.......oo.#
,,,,,,.......oo##
,,,,,,#......o#C##
,,,,,,.....o..Oo@#
,,,,,,#.....o.O.##
,,,,,,.#........#
,*,,,,........oo#
,,,,,,......#..##
,*,***.##.......*
*,,,****#.#.∩.#,*
*,,,* **,,....,,*
**,** *,,,,,*,*,**


You could see an ettin, 3 orc warriors, an ogre, an orc priest, 3 orc wizards, 5
orcs and a friendly ogre (berserk).

Vanquished Creatures
  The ghost of azzavlup the Schismatic, a journeyman DsAK of Lugonu (Lair:4)
  4 hydras
  9 death yaks
  A fire crab (Lair:5)
  Pikel (D:6)
  4 hill giants
  A guardian serpent (Lair:6)
  Psyche (D:9)
  8 black mambas
  4 torpor snails
  13 spiny frogs
  2 rime drakes
  11 komodo dragons
  A polar bear (Lair:5)
  2 tyrant leeches (Lair:6)
  2 trolls
  3 dream sheep
  10 hornets
  2 two-headed ogres
  6 hippogriffs
  2 redbacks (Lair:6)
  Sigmund (D:5)
  7 wyverns
  4 wraiths (Lair:4)
  20 yaks
  A hog (D:8)
  2 basilisks
  A steam dragon (D:11)
  2 hungry ghosts
  Edmund (D:5)
  6 swamp worms (Lair:4)
  The ghost of cedor the Charlatan, an amateur HEAr (D:3)
  3 wargs
  13 water moccasins
  6 porcupines
  5 orc warriors
  An ice beast (D:5)
  4 sky beasts
  A black bear (D:8)
  A necrophage (D:11)
  6 ogres
  10 wolves
  8 crocodiles
  4 centaurs
  Blork the orc (D:5)
  A big kobold (D:7)
  11 bullfrogs
  4 killer bees
  3 scorpions
  A water moccasin skeleton (D:7)
  4 wights (D:10)
  3 electric eels
  2 crimson imps (D:5)
  A bullfrog zombie (D:8)
  A quasit (D:10)
  14 orc priests
  A jelly (D:9)
  A hound (D:6)
  A bullfrog skeleton (D:6)
  4 centaur skeletons
  2 iguanas (D:9)
  22 orc wizards
  13 worker ants
  A killer bee zombie (D:10)
  A hound zombie (D:5)
  20 adders
  4 gnolls (D:2)
  3 river rats (D:10)
  A shadow imp (D:9)
  3 oozes
  An adder zombie (D:7)
  An adder skeleton (D:5)
  4 worms (Lair:3)
  6 leopard geckos
  53 orcs
  A ball python (D:3)
  9 bats
  4 giant cockroaches
  8 goblins
  8 hobgoblins
  4 jackals (D:7)
  5 quokkas
  7 frilled lizards
  16 kobolds
  A quokka zombie (D:9)
  11 rats
  2 fungi (D:10)
  A plant (Lair:6)
461 creatures vanquished.

Vanquished Creatures (collateral kills)
  Josephine (Lair:4)
  3 hydras
  2 dream sheep (Lair:5)
  A redback (Lair:6)
  A human (D:8)
  6 yaks (Lair:5)
  3 hogs (D:8)
  A crocodile (Lair:3)
  A fungus (Lair:6)
19 creatures vanquished.

Vanquished Creatures (others)
  An ice dragon (Lair:6)
  A death yak (Lair:4)
  A lindwurm (Lair:6)
  An oklob plant (Lair:6)
  A wolf spider (Lair:6)
  3 torpor snails (Lair:6)
  A troll (Orc:2)
  2 tyrant leeches (Lair:6)
  2 hornets (Lair:6)
  2 yaks (Lair:6)
  2 slaves (D:6)
  An orc warrior (Orc:1)
  An orc priest (D:11)
  2 orcs
  20 fungi
  39 plants
80 creatures vanquished.

Grand Total: 560 creatures vanquished

Notes
Turn   | Place    | Note
-------+----------+-------------------------------------------
     0 | D:1      | tsouns the Halfling Berserker began the quest for the Orb.
     0 | D:1      | Reached XP level 1. HP: 15/15 MP: 1/1
   279 | D:1      | Reached XP level 2. HP: 18/20 MP: 2/2
   675 | D:1      | Found a shimmering altar of Xom.
   677 | D:1      | Found a sparkling altar of Nemelex Xobeh.
   677 | D:1      | Found a shattered altar of Ashenzari.
   679 | D:1      | Found a radiant altar of Vehumet.
   679 | D:1      | Found a burning altar of Makhleb.
   679 | D:1      | Found a deep blue altar of Sif Muna.
   809 | D:2      | Found a bloodstained altar of Trog.
   853 | D:2      | Reached XP level 3. HP: 26/26 MP: 3/3
   869 | D:2      | Reached XP level 4. HP: 22/31 MP: 4/4
   962 | D:2      | Reached skill level 4 in Long Blades
   997 | D:2      | Reached ** piety under Trog
  1554 | D:3      | Noticed an ogre
  1568 | D:3      | Killed an ogre
  1568 | D:3      | Reached XP level 5. HP: 37/37 MP: 5/5
  1803 | D:3      | Reached XP level 6. HP: 40/43 MP: 6/6
  1871 | D:3      | Reached skill level 5 in Long Blades
  1940 | D:3      | Noticed cedor's ghost (amateur HEAr)
  1945 | D:3      | Killed cedor's ghost
  2034 | D:3      | Reached XP level 7. HP: 48/48 MP: 7/7
  2195 | D:3      | Found a blossoming altar of Fedhas.
  2198 | D:3      | Found a radiant altar of Vehumet.
  2202 | D:3      | Found a hazy altar of Hepliaklqana.
  3021 | D:4      | Found a staircase to the Ecumenical Temple.
  3408 | D:4      | Reached skill level 6 in Long Blades
  3595 | D:5      | Entered Level 5 of the Dungeon
  3675 | D:5      | Noticed Edmund
  3688 | D:5      | Killed Edmund
  3747 | D:5      | Noticed Sigmund
  3748 | D:5      | Found a stormy altar of Qazlal.
  3768 | D:5      | Killed Sigmund
  3768 | D:5      | Reached skill level 5 in Fighting
  3768 | D:5      | Reached XP level 8. HP: 52/55 MP: 8/8
  3771 | D:5      | Reached skill level 7 in Long Blades
  3834 | D:5      | Reached *** piety under Trog
  3834 | D:5      | Reached skill level 5 in Armour
  3868 | D:5      | Noticed Blork the orc
  3887 | D:5      | Killed Blork the orc
  4058 | D:5      | Found a shattered altar of Ashenzari.
  4132 | D:5      | Found a shadowy altar of Dithmenos.
  4205 | D:6      | Noticed Pikel
  4358 | D:6      | Killed Pikel
  4358 | D:6      | Reached skill level 8 in Long Blades
  4358 | D:6      | Reached XP level 9. HP: 62/62 MP: 9/9
  4467 | D:6      | Reached skill level 9 in Long Blades
  5181 | D:7      | Noticed a hippogriff
  5199 | D:7      | Killed a hippogriff
  5599 | D:7      | Reached XP level 10. HP: 58/69 MP: 10/10
  5688 | D:7      | Reached **** piety under Trog
  5837 | D:8      | Found a white marble altar of Elyvilon.
  5862 | D:8      | Reached skill level 10 in Long Blades
  6096 | D:8      | Found an ancient bone altar of Kikubaaqudgha.
  6530 | D:8      | Found a blossoming altar of Fedhas.
  7010 | D:9      | Noticed an angel
  7011 | D:9      | Found a glowing silver altar of Zin.
  7090 | D:9      | Found an iron altar of Okawaru.
  7356 | D:9      | Noticed Psyche
  7367 | D:9      | Reached skill level 5 in Dodging
  7368 | D:9      | Killed Psyche
  7584 | D:9      | Reached skill level 11 in Long Blades
  7718 | D:10     | Entered Level 10 of the Dungeon
  7719 | D:10     | Noticed a komodo dragon
  7726 | D:10     | Reached XP level 11. HP: 75/75 MP: 11/11
  7833 | D:10     | Found a portal to a secret trove of treasure.
  8085 | D:10     | Found a staircase to the Lair.
  8160 | D:10     | Reached ***** piety under Trog
  8450 | D:10     | Noticed a hill giant
  8462 | D:10     | Killed a hill giant
  8752 | D:11     | Noticed a hill giant
  8764 | D:11     | Killed a hill giant
  8764 | D:11     | Reached skill level 12 in Long Blades
  8829 | Lair:1   | Entered Level 1 of the Lair of Beasts
  9279 | Lair:1   | Received a gift from Trog
  9973 | Lair:1   | Reached XP level 12. HP: 65/84 MP: 12/12
 10492 | Lair:2   | Reached skill level 1 in Evocations
 11008 | Lair:2   | Reached skill level 13 in Long Blades
 11080 | Lair:2   | Noticed a four-headed hydra
 11081 | Lair:2   | Noticed an eight-headed hydra
 11088 | Lair:2   | Killed a four-headed hydra
 11093 | Lair:2   | Killed an eight-headed hydra
 11647 | Lair:2   | Got a transparent falchion
 11648 | Lair:2   | Identified the cursed +1 falchion of Honour {slice, rElec SInv} (You found it on level 2 of the Lair of Beasts)
 12084 | Lair:2   | HP: 3/86 [spiny frog (12)]
 12085 | Lair:2   | Reached skill level 10 in Armour
 12373 | Lair:3   | Noticed an eight-headed hydra
 12391 | Lair:3   | Killed a 13-headed hydra
 12392 | Lair:3   | Received a gift from Trog
 12529 | Lair:3   | Found a hole to the Spider Nest.
 12749 | Lair:3   | Reached skill level 1 in Shields
 12955 | Lair:4   | Noticed azzavlup's ghost (journeyman DsAK)
 12975 | Lair:4   | Noticed a five-headed hydra
 12979 | Lair:4   | Killed a five-headed hydra
 12979 | Lair:4   | Reached XP level 13. HP: 83/92 MP: 16/16
 13024 | Lair:4   | Killed azzavlup's ghost
 13510 | Lair:4   | Reached skill level 10 in Fighting
 13759 | Lair:4   | Noticed Josephine
 13772 | Lair:4   | Killed Josephine
 13772 | Lair:4   | Reached skill level 5 in Evocations
 13801 | Lair:4   | Received a gift from Trog
 13880 | Lair:4   | Reached skill level 5 in Shields
 14177 | Lair:4   | Found a staircase to the Swamp.
 14237 | Lair:4   | Noticed a four-headed hydra
 14247 | Lair:4   | Killed an eight-headed hydra
 14677 | Lair:5   | Reached skill level 1 in Throwing
 14687 | Lair:5   | Noticed a four-headed hydra
 14708 | Lair:5   | Killed a nine-headed hydra
 15393 | Lair:5   | Gained mutation: You have a pair of small horns on your head. [potion of mutation]
 15394 | Lair:5   | Gained mutation: Your skin changes colour to match your surroundings (Stealth+). [potion of mutation]
 15395 | Lair:5   | Gained mutation: You have large cloven feet. [potion of mutation]
 15854 | Lair:6   | Entered Level 6 of the Lair of Beasts
 15854 | Lair:6   | Noticed an eight-headed hydra
 15870 | Lair:6   | Found a staircase to the Slime Pits.
 15946 | Lair:5   | Killed an eight-headed hydra
 15946 | Lair:5   | Reached skill level 14 in Long Blades
 16248 | Lair:6   | Reached XP level 14. HP: 99/99 MP: 18/18
 16277 | Lair:6   | Received a gift from Trog
 16603 | Lair:6   | Received a gift from Trog
 17020 | Lair:6   | Found a runed door.
 17105 | Lair:6   | Reached skill level 5 in Throwing
 18497 | D:11     | Found a glowing golden altar of the Shining One.
 18512 | D:11     | Found a staircase to the Orcish Mines.
 19088 | Orc:1    | Entered Level 1 of the Orcish Mines
 19256 | Orc:2    | Entered Level 2 of the Orcish Mines
 19270 | Orc:2    | Received a gift from Trog
 19312 | Orc:1    | Found a frozen archway.
 19316 | Orc:1    | Slain by an ettin

Skill      XL: |  1  2  3  4  5  6  7  8  9 10 11 12 13 14 |
---------------+-------------------------------------------+-----
Fighting       | 3 4 5 6 7 8 9 10 11 | 11.3
Long Blades    | 4 5 6 8 9 11 12 13 14 | 14.8
Armour         | 3 4 6 8 9 10 11 | 11.0
Dodging        | 3 5 6 |  6.7
Evocations     | 4 6 8 |  8.0
Shields        | 1 5 |  5.4
Throwing       | 3 6 |  6.2

Action                   |  1- 3 |  4- 6 |  7- 9 | 10-12 | 13-15 || total
-------------------------+-------+-------+-------+-------+-------++-------
Melee: Falchion          |    58 |   169 |   396 |   896 |   584 ||  2103
       Scimitar          |       |       |       |    52 |       ||    52
       Headbutt          |       |       |       |       |   155 ||   155
       Long sword        |       |       |       |       |   294 ||   294
Throw: Stone             |       |     2 |       |       |       ||     2
Invok: Berserk           |     1 |     4 |     4 |    16 |     8 ||    33
       Trog's Hand       |       |       |     1 |       |       ||     1
       Brothers in Arms  |       |       |       |     4 |     4 ||     8
       Burn Spellbooks   |       |       |       |     1 |     2 ||     3
Evoke: Wand              |       |       |     3 |    14 |     5 ||    22
       Sack of spiders   |       |       |       |     1 |     2 ||     3
  Use: Scroll            |       |     4 |    15 |    10 |     9 ||    38
       Potion            |       |       |       |     3 |     3 ||     6
 Stab: Held in net/web   |       |       |       |       |     2 ||     2
       Distracted        |       |       |       |       |     1 ||     1
  Eat: Chunk             |       |     9 |    16 |    34 |    16 ||    75
       Beef jerky        |       |       |       |     2 |     1 ||     3
       Royal jelly       |       |       |       |     1 |     1 ||     2
       Pizza             |       |       |       |     2 |     7 ||     9
Armor: Ring mail         |    16 |       |       |       |       ||    16
       Plate armour      |    10 |    72 |   217 |   382 |   282 ||   963
Dodge: Dodged            |    31 |    64 |   163 |   449 |   307 ||  1014
Block: Buckler           |       |       |       |     6 |   162 ||   168
       Rpst.: Falchion   |     9 |    21 |    41 |   121 |    60 ||   252
       Scimitar          |       |       |       |    10 |       ||    10
       Long sword        |       |       |       |       |    40 ||    40
